SAA
LONG ISLAND SEAWOLVES @ ATHLETIC CLUB KC ACADEMY
09/01/2021
 
TOP OF THE 1ST
Long Island Seawolves batting - Pitching for Athletic Club KC Academy : LHP António Uribe
Pitching: LHP António Uribe
Batting: RHB Francisco García 0-0: Foul Ball, location: 2F
0-1: Ball
1-1: Swinging Strike
1-2: Foul Ball, location: 2F
1-2: Foul Ball, location: 2F
1-2: Ball
2-2: Strikes out swinging
Batting: LHB Keith Alexander 0-0: Ball
1-0: Called Strike
1-1: Swinging Strike
1-2: Strikes out swinging
Batting: SHB Carroll Kline 0-0: Called Strike
0-1: Ball
1-1: Called Strike
1-2: Ball
2-2: Ball
3-2: Ground out 4-3 (Groundball, 13)
Top of the 1st over - 0 run(s), 0 hit(s), 0 error(s), 0 left on base; Long Island 0 - Athletic Club KC Academy 0
BOTTOM OF THE 1ST
Athletic Club KC Academy batting - Pitching for Long Island Seawolves : RHP Jim Unknown
Pitching: RHP Jim Unknown
Batting: SHB António Montés 0-0: Ball
1-0: Ball
2-0: Fly out, F3 (Line Drive, 3)
Batting: RHB Mike Lovell 0-0: Called Strike
0-1: SINGLE (Groundball, 6)
Batting: RHB Chris Teague 0-0: Ball
1-0: Called Strike
1-1: Ball
2-1: Fly out, F6 (Line Drive, 6)
Batting: RHB John Williams 0-0: Ball
1-0: Called Strike
1-1: DOUBLE (Line Drive, 7LM)
Mike Lovell to third
Batting: LHB José Durán 0-0: Ground out 1-3 (Groundball, 15S)
Bottom of the 1st over - 0 run(s), 2 hit(s), 0 error(s), 2 left on base; Long Island 0 - Athletic Club KC Academy 0
TOP OF THE 2ND
Long Island Seawolves batting - Pitching for Athletic Club KC Academy : LHP António Uribe
Batting: RHB António Pérez 0-0: Called Strike
0-1: Ball
1-1: Ball
2-1: DOUBLE (Line Drive, 8LD)
Batting: RHB Roy Clay 0-0: Swinging Strike
0-1: Ball
1-1: Foul Ball, location: 2F
1-2: Ground out 6-3 (Groundball, 6MD)
António Pérez to third
Batting: RHB Jim Unknown 0-0: Ball
1-0: Ball
2-0: Ground out 1-3 (Groundball, 15S)
Pitching: RHP Jake Hawkins
Batting: SHB Terry Conley 0-0: Ground out U3 (Groundball, 3S)
Top of the 2nd over - 0 run(s), 1 hit(s), 0 error(s), 1 left on base; Long Island 0 - Athletic Club KC Academy 0
BOTTOM OF THE 2ND
Athletic Club KC Academy batting - Pitching for Long Island Seawolves : RHP Jim Unknown
Batting: RHB Ellis Martin 0-0: Called Strike
0-1: Foul Ball, location: 2F
0-2: Ball
1-2: Foul Ball, location: 2F
1-2: Ground out 6-3 (Groundball, 6)
Batting: RHB Bob Curry 0-0: Ball
1-0: Foul Ball, location: 2F
1-1: Foul Ball, location: 2F
1-2: Foul Ball, location: 2F
1-2: Ball
2-2: Ball
3-2: Fly out, F3 (Popup, 3F)
Batting: RHB Adrian Draper 0-0: Reached on error, E6 (Groundball, 6)
Batting: LHB Ed Hammond 0-0: Called Strike
0-1: Ball
1-1: Ball
2-1: Swinging Strike
2-2: SINGLE (Line Drive, 9LM)
Adrian Draper to second
Batting: SHB António Montés 0-0: Called Strike
0-1: Called Strike
0-2: Foul Ball, location: 2F
0-2: Ground out 6-3 (Groundball, 6)
Bottom of the 2nd over - 0 run(s), 1 hit(s), 1 error(s), 2 left on base; Long Island 0 - Athletic Club KC Academy 0
TOP OF THE 3RD
Long Island Seawolves batting - Pitching for Athletic Club KC Academy : RHP Jake Hawkins
Batting: RHB David Morales 0-0: Called Strike
0-1: Ball
1-1: Foul Ball, location: 2F
1-2: SINGLE (Line Drive, 7S)
Batting: SHB Jim Unknown 0-0: Ball
1-0: Ball
2-0: Fly out, F8 (Flyball, 8RM)
Batting: RHB Francisco García 0-0: Called Strike
0-1: Ball
1-1: Ball
2-1: Called Strike
2-2: Strikes out looking
Batting: LHB Keith Alexander 0-0: Ball
1-0: Ball
2-0: Ball
3-0: Base on Balls
David Morales to second
Batting: SHB Carroll Kline 0-0: Called Strike
0-1: Ball
1-1: Called Strike
1-2: Foul Ball, location: 2F
1-2: Fly out, F7 (Flyball, 7M)
Top of the 3rd over - 0 run(s), 1 hit(s), 0 error(s), 2 left on base; Long Island 0 - Athletic Club KC Academy 0
BOTTOM OF THE 3RD
Athletic Club KC Academy batting - Pitching for Long Island Seawolves : RHP Jim Unknown
Batting: RHB Mike Lovell 0-0: Ball
1-0: Foul Ball, location: 2F
1-1: Ball
2-1: Ground out 5-3 (Groundball, 5)
Batting: RHB Chris Teague 0-0: Called Strike
0-1: Swinging Strike
0-2: Foul Ball, location: 2F
0-2: Ball
1-2: Ground out 6-3 (Groundball, 6)
Batting: RHB John Williams 0-0: Foul Ball, location: 2F
0-1: Swinging Strike
0-2: Strikes out looking
Bottom of the 3rd over - 0 run(s), 0 hit(s), 0 error(s), 0 left on base; Long Island 0 - Athletic Club KC Academy 0
TOP OF THE 4TH
Long Island Seawolves batting - Pitching for Athletic Club KC Academy : RHP Jake Hawkins
Batting: RHB António Pérez 0-0: Foul Ball, location: 2F
0-1: Ball
1-1: Called Strike
1-2: Foul Ball, location: 2F
1-2: Fly out, F8 (Flyball, 8LS)
Batting: RHB Roy Clay 0-0: SINGLE (Line Drive, 6D)
Batting: RHB Jim Unknown 0-0: Ball
1-0: Ball
2-0: Called Strike
2-1: Foul Ball, location: 2F
2-2: Ball
3-2: Base on Balls
Roy Clay to second
Batting: SHB Terry Conley 0-0: Ball
1-0: Fly out, F6 (Popup, 6M)
Batting: RHB David Morales 0-0: Called Strike
0-1: Ball
1-1: Ground out 5-3 (Groundball, 5)
Top of the 4th over - 0 run(s), 1 hit(s), 0 error(s), 2 left on base; Long Island 0 - Athletic Club KC Academy 0
BOTTOM OF THE 4TH
Athletic Club KC Academy batting - Pitching for Long Island Seawolves : RHP Jim Unknown
Batting: LHB José Durán 0-0: Foul Ball, location: 2F
0-1: Ball
1-1: DOUBLE (Flyball, 8LS)
Batting: RHB Ellis Martin 0-0: Foul Ball, location: 2F
0-1: Ball
1-1: Ball
2-1: Ground out 5-3 (Groundball, 56)
Batting: RHB Bob Curry 0-0: Ball
1-0: Fly out, F8 (Flyball, 8RM)
Batting: RHB Adrian Draper 0-0: Ball
1-0: Fly out, F4 (Line Drive, 4)
Bottom of the 4th over - 0 run(s), 1 hit(s), 0 error(s), 1 left on base; Long Island 0 - Athletic Club KC Academy 0
TOP OF THE 5TH
Long Island Seawolves batting - Pitching for Athletic Club KC Academy : RHP Jake Hawkins
Batting: SHB Jim Unknown 0-0: Ball
1-0: Ball
2-0: Ball
3-0: Base on Balls
Batting: RHB Francisco García 0-0: Sac Bunt - play at first, batter safe!
Jim Unknown to second
Batting: LHB Keith Alexander 0-0: Called Strike
0-1: Reached on error, E2 (Groundball, 2R)
Jim Unknown scores
Francisco García to third
Batting: SHB Carroll Kline 0-0: Called Strike
0-1: Foul Ball, location: 2F
0-2: Ball
1-2: Ball
2-2: Ball
3-2: Strikes out swinging
Batting: RHB António Pérez 0-0: Called Strike
0-1: Fly out, F8 (Flyball, 8LD)
Runner from 3rd tags up, SCORES, no throw
Batting: RHB Roy Clay 0-0: Swinging Strike
0-1: Swinging Strike
0-2: Fly out, F7 (Line Drive, 7D)
Top of the 5th over - 2 run(s), 1 hit(s), 1 error(s), 1 left on base; Long Island 2 - Athletic Club KC Academy 0
BOTTOM OF THE 5TH
Athletic Club KC Academy batting - Pitching for Long Island Seawolves : RHP Jim Unknown
Batting: LHB Ed Hammond 0-0: Ball
1-0: SINGLE (Groundball, 4M)
Batting: SHB António Montés 0-0: Ball
1-0: Called Strike
1-1: Ball
2-1: Sac Bunt - play at first, batter OUT! 1-3
Ed Hammond to second
Batting: RHB Mike Lovell 0-0: Ball
1-0: Ground out 4-3 (Groundball, 4)
Ed Hammond to third
Batting: RHB Chris Teague 0-0: SINGLE (Groundball, 6MD)
Ed Hammond scores
Batting: RHB John Williams 0-0: Called Strike
0-1: Called Strike
0-2: Ball
1-2: Foul Ball, location: 2F
1-2: Fly out, F8 (Line Drive, 8LM)
Bottom of the 5th over - 1 run(s), 2 hit(s), 0 error(s), 1 left on base; Long Island 2 - Athletic Club KC Academy 1
TOP OF THE 6TH
Long Island Seawolves batting - Pitching for Athletic Club KC Academy : RHP Jake Hawkins
Batting: RHB Jim Unknown 0-0: Called Strike
0-1: Ball
1-1: Foul Ball, location: 2F
1-2: Foul Ball, location: 2F
1-2: Strikes out swinging
Batting: SHB Terry Conley 0-0: Called Strike
0-1: Ball
1-1: Ball
2-1: Foul Ball, location: 2F
2-2: Fly out, F8 (Flyball, 8RD)
Batting: RHB David Morales 0-0: Called Strike
0-1: Fly out, F2 (Popup, 2LF)
Top of the 6th over - 0 run(s), 0 hit(s), 0 error(s), 0 left on base; Long Island 2 - Athletic Club KC Academy 1
BOTTOM OF THE 6TH
Athletic Club KC Academy batting - Pitching for Long Island Seawolves : RHP Jim Unknown
Batting: LHB José Durán 0-0: Called Strike
0-1: Ball
1-1: Called Strike
1-2: Foul Ball, location: 2F
1-2: Ball
2-2: Foul Ball, location: 2F
2-2: Foul Ball, location: 2F
2-2: Ball
3-2: Base on Balls
Batting: RHB Ellis Martin 0-0: Ball
1-0: Ball
2-0: Called Strike
2-1: Foul Ball, location: 2F
2-2: Foul Ball, location: 2F
2-2: Strikes out looking
Batting: RHB Bob Curry 0-0: Fly out, F8 (Flyball, 8RM)
Batting: RHB Adrian Draper 0-0: Called Strike
0-1: Ball
1-1: Foul Ball, location: 2F
1-2: Ball
José Durán is caught stealing 2nd base
Bottom of the 6th over - 0 run(s), 0 hit(s), 0 error(s), 0 left on base; Long Island 2 - Athletic Club KC Academy 1
TOP OF THE 7TH
Long Island Seawolves batting - Pitching for Athletic Club KC Academy : RHP Jake Hawkins
Batting: SHB Jim Unknown 0-0: SINGLE (Line Drive, 6MD)
Batting: RHB Francisco García 0-0: Bunted foul
0-1: Ball
1-1: Bunted foul
1-2: Foul Ball, location: 2F
1-2: Ball
2-2: Foul Ball, location: 2F
2-2: Ball
3-2: Strikes out swinging
Batting: LHB Keith Alexander 0-0: Ball
1-0: Ball
2-0: Ball
3-0: Base on Balls
Jim Unknown to second
Batting: SHB Carroll Kline 0-0: Ball
1-0: Swinging Strike
1-1: Foul Ball, location: 2F
1-2: Strikes out swinging
Batting: RHB António Pérez 0-0: Foul Ball, location: 2F
0-1: Foul Ball, location: 2F
0-2: Fly out, F4 (Popup, 34)
Top of the 7th over - 0 run(s), 1 hit(s), 0 error(s), 2 left on base; Long Island 2 - Athletic Club KC Academy 1
BOTTOM OF THE 7TH
Athletic Club KC Academy batting - Pitching for Long Island Seawolves : RHP Jim Unknown
Batting: RHB Adrian Draper 0-0: Ball
1-0: Ball
2-0: Called Strike
2-1: Ball
3-1: Called Strike
3-2: Strikes out swinging
Batting: LHB Ed Hammond 0-0: Ball
1-0: Ball
2-0: Ground out 4-3 (Groundball, 4)
Batting: SHB António Montés 0-0: Called Strike
0-1: Fly out, F7 (Flyball, 7LM)
Bottom of the 7th over - 0 run(s), 0 hit(s), 0 error(s), 0 left on base; Long Island 2 - Athletic Club KC Academy 1
TOP OF THE 8TH
Long Island Seawolves batting - Pitching for Athletic Club KC Academy : RHP Jake Hawkins
Batting: RHB Roy Clay 0-0: Swinging Strike
0-1: Ball
1-1: Ball
2-1: Swinging Strike
2-2: Ball
3-2: Fly out, F8 (Flyball, 8RXD)
Batting: RHB Jim Unknown 0-0: Ball
1-0: Ball
2-0: Foul Ball, location: 2F
2-1: DOUBLE (Line Drive, 7LM)
Batting: SHB Terry Conley 0-0: Intentional Walk
Pitching: RHP Alfonso Álvarez
Batting: RHB David Morales 0-0: Called Strike
0-1: Foul Ball, location: 2F
0-2: Strikes out swinging
Batting: SHB Jim Unknown 0-0: Called Strike
0-1: Fly out, F3 (Line Drive, 3L)
Top of the 8th over - 0 run(s), 1 hit(s), 0 error(s), 2 left on base; Long Island 2 - Athletic Club KC Academy 1
BOTTOM OF THE 8TH
Athletic Club KC Academy batting - Pitching for Long Island Seawolves : RHP Jim Unknown
Batting: RHB Mike Lovell 0-0: Swinging Strike
0-1: Called Strike
0-2: SINGLE (Line Drive, 6MD)
Batting: RHB Chris Teague 0-0: Ball
1-0: Ball
2-0: Called Strike
2-1: Foul Ball, location: 2F
2-2: Foul Ball, location: 2F
2-2: Fielders Choice at 2nd, 6-4 (Groundball, 6)
Batting: RHB John Williams 0-0: Ball
1-0: SINGLE (Groundball, 4D)
Chris Teague to second
Throwing error, E9
Chris Teague scores
John Williams to second
Batting: LHB José Durán 0-0: Called Strike
0-1: Ball
1-1: Foul Ball, location: 2F
1-2: SINGLE (Line Drive, 34D)
John Williams to third
Batting: RHB Ellis Martin 0-0: Called Strike
0-1: Ball
1-1: Foul Ball, location: 2F
1-2: Ball
2-2: Ball
3-2: Base on Balls
José Durán to second
Batting: RHB Bob Curry 0-0: Ball
1-0: Foul Ball, location: 2F
1-1: Ball
2-1: Foul Ball, location: 2F
2-2: SINGLE (Groundball, 56D) (infield hit)
John Williams scores
José Durán to third
Ellis Martin to second
Pitching: RHP Jim Unknown
Pinch Hitting: RHB Jim Unknown 0-0: Ball
1-0: Ball
2-0: Foul Ball, location: 2F
2-1: Foul Ball, location: 2F
2-2: Ball
3-2: Foul Ball, location: 2F
3-2: Base on Balls
José Durán scores
Ellis Martin to third
Bob Curry to second
Batting: LHB Ed Hammond 0-0: Foul Ball, location: 2F
0-1: Ball
1-1: Fly out, F9 (Flyball, 89M)
Runner from 3rd tags up, SCORES, throw made
Batting: SHB António Montés 0-0: Fly out, F8 (Flyball, 78XD)
Bottom of the 8th over - 4 run(s), 4 hit(s), 1 error(s), 2 left on base; Long Island 2 - Athletic Club KC Academy 5
TOP OF THE 9TH
Long Island Seawolves batting - Pitching for Athletic Club KC Academy : RHP Alfonso Álvarez
Pitching: LHP John McCord
Now at 1B: Jim Unknown
Now at SS: Marty Jennings
Now in LF: Larry Johnston
Now in RF: Chris Smith
Batting: RHB Francisco García 0-0: Ball
1-0: Swinging Strike
1-1: Ball
2-1: Ball
3-1: Foul Ball, location: 2F
3-2: Base on Balls
Batting: LHB Keith Alexander 0-0: Ball
1-0: Grounds into double play, 4-6-3 (Groundball, 4)
Batting: SHB Carroll Kline 0-0: Swinging Strike
0-1: Ball
1-1: Ball
2-1: Foul Ball, location: 2F
2-2: SINGLE (Groundball, 34D)
Batting: RHB António Pérez 0-0: Swinging Strike
0-1: Swinging Strike
0-2: SINGLE (Line Drive, 6MD)
Carroll Kline to second
Runner from 2nd tries for 3rd, SAFE, throw made to third
Batting: RHB Roy Clay 0-0: Swinging Strike
0-1: Ball
1-1: Foul Ball, location: 2F
1-2: Fly out, F3 (Popup, 3SF)
Top of the 9th over - 0 run(s), 2 hit(s), 0 error(s), 2 left on base; Long Island 2 - Athletic Club KC Academy 5
This league is powered by Out of the Park Baseball, the baseball management simulation game for PC, Mac and Linux
Friday, January 22nd, 2016 - OOTP Baseball 16.9 Build 39